 Dungeon Crawl Stone Soup version 0.29-a0-284-gf9362112df (webtiles) character file.

Game seed: 9714959552485512894

2 Strat the Sneak (level 1, -2/18 HPs)
             Began as a Barachi Delver on Mar 18, 2022.
             Was an Initiate of Elyvilon.
             Slain by a phantom (3 damage)
             ... on level 6 of the Dungeon.
             The game lasted 00:01:47 (454 turns).

Strat the Sneak (Barachi Delver)                     Turns: 454, Time: 00:01:47

Health: -2/18      AC:  5    Str: 13    XL:     1   Next: 30%
Magic:  1/1        EV: 11    Int: 10    God:    Elyvilon [......]
Gold:   0          SH:  0    Dex: 13    Spells: 0/0 levels left

rFire   . . .      SeeInvis .   a - +0 falchion
rCold   . . .      Faith    .   (no shield)
rNeg    . . .      Spirit   .   j - +0 ring mail
rPois   .          Reflect  .   (no helmet)
rElec   .          Harm     .   (no cloak)
rCorr   .          Rampage  .   (no gloves)
Will    .....                   (no boots)
Stlth   ++........              (no amulet)
HPRegen 0.06/turn               (no ring)
MPRegen 0.07/turn               (no ring)

@: unable to hop, slow
A: amphibious, slowness 1, strong legs 1, +LOS
a: Hop, Renounce Religion


You were on level 6 of the Dungeon.
You worshipped Elyvilon.
Elyvilon was noncommittal.
You visited 1 branch of the dungeon, and saw 2 of its levels.

Inventory:

Hand Weapons
 a - a +0 falchion (weapon)
Missiles
 i - 24 stones
Armour
 b - a +0 leather armour
 j - a +0 ring mail (worn)
Magical Staves
 h - a staff of poison
Wands
 g - a wand of digging (3)
Scrolls
 c - a scroll of fog
 d - a scroll of magic mapping
 e - a scroll of fear
 k - a scroll of identify {unknown}
 l - a scroll of teleportation {unknown}
Potions
 f - a potion of haste
 m - a potion of curing {unknown}


   Skills:
 - Level 3.6 Fighting
 + Level 2.7 Long Blades
 - Level 2.1 Dodging
 - Level 4.5 Stealth


You couldn't memorise any spells.
You didn't know any spells.
Your spell library was empty.

Dungeon Overview and Level Annotations

Branches:
Dungeon (6/15)
 Temple: D:4-7

Altars:
Elyvilon


Innate Abilities, Weirdness & Mutations

You are amphibious.
You cover ground slowly.
You can hop short distances.
You have an extended range of vision and can be seen from far away.


Message History

l - a scroll labelled MUTHEZX EL FIR
Found a ruby potion.
Found a stone staircase leading down.
m - a ruby potion
Found a scroll labelled OGREMU VYNU.
A phantom and a kobold come into view.
The phantom attacks as you move away! The phantom hits you.
The phantom attacks as you move away! The phantom misses you.
The phantom hits you but does no damage.
Hop to where?
Press: ? - help, Dir - move target Boing!
You see here a +0 dagger.
The phantom attacks as you move away! The phantom hits you.
Your legs are too worn out to hop.
The phantom attacks as you move away! The phantom barely misses you.
You see here a +0 war axe.
The phantom hits you. The phantom attacks as you move away!
The phantom hits you. x2
* * * LOW HITPOINT WARNING * * *
The phantom blinks!
You blink.
Your legs are too worn out to hop.
You see here a +0 robe.
The phantom attacks as you move away! The phantom hits you.
* * * LOW HITPOINT WARNING * * *
The phantom attacks as you move away! The phantom closely misses you.
The phantom barely misses you.
You barely miss the phantom. The phantom hits you.
* * * LOW HITPOINT WARNING * * *
The phantom blinks!
You blink.
You hit the phantom.
The phantom is lightly damaged.
The phantom hits you.
* * * LOW HITPOINT WARNING * * *
You hit the phantom but do no damage. The phantom hits you.
* * * LOW HITPOINT WARNING * * *
You hit the phantom but do no damage. The phantom closely misses you.
You hit the phantom.
The phantom is lightly damaged.
The phantom hits you.
You die...

#########.#
#.# #.# #.#
#.# #.# #.#
#.# #@# #W#
....n# #.#
..?..# #.#
b....+ ..
#.# .....##
#.# #.#
......# #.#
#.#
b.....###.#
#[#
........#.##
#.#


You could see a phantom.

Vanquished Creatures
  An orc (D:6)
1 creature vanquished.

Notes
Turn   | Place    | Note
-------+----------+-------------------------------------------
     0 | D:5      | Strat the Barachi Delver began the quest for the Orb.
     0 | D:5      | Reached XP level 1. HP: 18/18 MP: 1/1
   185 | D:6      | Found a white marble altar of Elyvilon.
   192 | D:6      | Became a worshipper of Elyvilon the Healer
   206 | D:6      | Noticed a necrophage
   406 | D:6      | Noticed a phantom
   454 | D:6      | Slain by a phantom

Illustrated notes

Levels and vault maps discovered:
D:5:      layout_basic, temple_fountains, uniq_eustachio
D:6:      layout_basic, led_xom_imps, nicolae_elyvilon_peaceful_grove,
          serial_glass, glass_columns_a, glass_columns_b

Action                   || total
-------------------------++-------
Melee: Falchion          ||     7
 Abil: Hop               ||     2
Armor: Ring mail         ||     1
Dodge: Dodged            ||    11

Table legend: (Time is in decaauts)
 A = Elapsed time spent in this place.
 B = Non-inter-level travel time spent in this place.
 C = Inter-level travel time spent in this place.
 D = Time resting spent in this place.
 E = Time spent auto-exploring this place.
 F = Levels seen in this place.
 G = Mean time per level.
                   A        B        C        D        E       F      G
               +--------+--------+--------+--------+--------+-----+--------+
         Total |    496 |    496 |      0 |    217 |      0 |   2 |  248.0 |
       Dungeon |    496 |    496 |      0 |    217 |      0 |   2 |  248.0 |
               +--------+--------+--------+--------+--------+-----+--------+

Top non-repeatable levels by time:
     D:6: 463 daAuts
     D:5: 33 daAuts
